 Dungeon Crawl Stone Soup version 0.30-a0-347-gf58ed5266c (webtiles) character file.

Game seed: 18285382793829593225

143910 Zonian the Warrior (level 18, 0/151 HPs)
             Began as a Djinni Ice Elementalist on Nov 5, 2022.
             Was a Priest of Ashenzari.
             Slain by a spark wasp (12 damage)
             ... on level 3 of the Spider Nest.
             The game lasted 02:42:05 (48269 turns).

Zonian the Warrior (Djinni Ice Elementalist)       Turns: 48269, Time: 02:42:08

Health: 0/151      AC: 16    Str:  7    XL:     18   Next: 0%
Gold:   2730       EV: 14    Int: 24    God:    Ashenzari [***...] SH: 12 Dex: 15

rFire   + + .      SeeInvis +    n - +9 long sword "Ykaetuc" {vorpal, rCorr}
rCold   x . .      Faith    .    I - +2 buckler "Oracular Agnosticism" {Cun, Self} (curse)
rNeg    . . .      Spirit   .    N - +0 troll leather armour
rPois   ∞          Reflect  +    i - +1 helmet of Ashenzari's Moon {Self, Cun} (curse)
rElec   .          Harm     .    J - scarf {shadows}
rCorr   +          Rampage  .    C - +1 pair of gloves of Ashenzari's Inaction {Evo, Self} (curse)
Will    +....      Clarity  +    (boots unavailable)
Stlth   +++.......               V - amulet "Share My Burden" {Reflect SH+5, Cun, Evo} (curse)
HPRegen 1.25/turn                f - +4 ring of protection
MPRegen 0.00/turn                Z - +4 ring of protection

@: flying
A: sickness immunity, fire resistance 2, cold vulnerability 1, float, innate
caster, HP casting, extra vitality 1
a: Renounce Religion, Curse Item, Shatter the Chains


You were on level 3 of the Spider Nest.
You worshipped Ashenzari.
Ashenzari was most pleased with you.
You visited 5 branches of the dungeon, and saw 26 of its levels.
You also visited: Bailey and Volcano.

You collected 3291 gold pieces.
You spent 561 gold pieces at shops.

Inventory:

Hand Weapons
 j - a +2 dagger of venom
 m - a +4 dagger of holy wrath
 n - the +9 long sword "Ykaetuc" (weapon) {vorpal, rCorr}
   (You found it on level 5 of the Dungeon)

   It inflicts extra damage upon your enemies.
   rCorr:     It protects you from acid and corrosion.
 K - a +5 scimitar of freezing
 O - a +0 sling
 P - a +2 scimitar of flaming
Missiles
 c - 5 javelins
 g - 32 boomerangs
 y - 40 poisoned darts
 D - 7 curare-tipped darts
 E - 6 datura-tipped darts
 Q - 9 boomerangs of dispersal
Armour
 a - a +1 scale mail of cold resistance
 e - the +1 scale mail "Veunny Coug" {MP+9 Int+5}
   (You found it on level 13 of the Dungeon)

   Int:       It affects your intelligence (+5).
   MP:        It affects your magic capacity (+9).
 i - the cursed +1 helmet of Ashenzari's Moon (worn) {Self, Cun}
   (You found it on level 1 of the Dungeon)

   It has a curse which improves the following skills: Introspection: Fighting
   and Spellcasting.
   Cunning:   Dodging and Stealth.
 C - the cursed +1 pair of gloves of Ashenzari's Inaction (worn) {Evo, Self}
   (You found it on level 7 of the Dungeon)

   It has a curse which improves the following skills: Evocations: Evocations.
   Introspection: Fighting and Spellcasting.
 I - the cursed +2 buckler "Oracular Agnosticism" (worn) {Cun, Self}
   (You found it on level 9 of the Dungeon)

   It has a curse which improves the following skills: Cunning: Dodging and
   Stealth.
   Introspection: Fighting and Spellcasting.
 J - a scarf of shadows (worn)
 N - a +0 troll leather armour (worn)
 S - a +2 leather armour of cold resistance
Jewellery
 f - a +4 ring of protection (left hand)
 k - a ring of protection from cold
 G - a +4 ring of evasion
 V - the cursed amulet "Share My Burden" (around neck) {Reflect SH+5, Cun, Evo}
   (You found it on level 3 of the Lair of Beasts)

   [amulet of reflection]

   It reflects blocked missile attacks.
   SH:        It affects your SH (+5).
   It has a curse which improves the following skills: Cunning: Dodging and
   Stealth.
   Evocations: Evocations.
 Z - a +4 ring of protection (right hand)
Wands
 b - a wand of acid (3)
 d - a wand of roots (10)
 h - a wand of mindburst (6)
 u - a wand of flame (8)
 F - a wand of digging (3)
Scrolls
 q - a scroll of silence
 v - 5 scrolls of teleportation
 A - 5 scrolls of fog
 B - 3 scrolls of poison
 H - 3 scrolls of enchant armour
 L - a scroll of brand weapon
Potions
 p - 2 potions of ambrosia
 r - a potion of resistance
 s - 8 potions of heal wounds
 w - 4 potions of haste
 x - 3 potions of lignification
 z - 4 potions of brilliance
 R - 2 potions of berserk rage
 U - 2 potions of cancellation
 W - 3 potions of might
 X - 10 potions of curing
Miscellaneous
 Y - a condenser vane


   Skills:
 + Level 17.8(20.8) Fighting
 - Level 8.0(11.5) Short Blades
 - Level 13.1(14.0) Long Blades
 - Level 3.9 Throwing
 - Level 4.7(7.7) Dodging
 - Level 3.8(6.7) Stealth
 - Level 6.0 Shields
 + Level 12.0(15.2) Spellcasting
 - Level 9.5(12.0) Evocations


You had 4 spell levels left.
You knew the following spells:

 Your Spells              Type           Power      Damage    Failure   Level
a - Freeze                Ice            100%       1d10      0%          1
b - Frozen Ramparts       Ice            100%       1d16      1%          3
c - Ozocubu's Armour      Ice            75%        N/A       1%          3
d - Summon Ice Beast      Ice/Summ       75%        N/A       1%          4
e - Beastly Appendage     Tmut           100%       N/A       0%          1
f - Scorch                Fire           100%       2d10      1%          2
g - Summon Guardian Gole  Hex/Summ       75%        N/A       1%          3
h - Petrify               Tmut/Erth      75%        N/A       1%          4
i - Summon Lightning Spi  Summ/Air       75%        N/A       1%          4
j - Borgnjor's Vile Clut  Necr/Erth      37%        N/A       1%          5
k - Conjure Ball Lightni  Conj/Air       37%        3x3d12    1%          6
l - Spellforged Servitor  Conj/Summ      37%        N/A       10%         7
Your spell library was empty.

Dungeon Overview and Level Annotations

Branches:
Dungeon (15/15)            Temple (1/1) D:7            Lair (5/5) D:10
 Shoals (0/4) Lair:3       Spider (3/4) Lair:2        Slime (0/5) Lair:4
    Orc (2/2) D:11            Elf (0/3) Orc:2        Vaults (0/5) D:14
 Depths (0/4) D:15         Bailey (visited)         Volcano (visited)

Altars:
Ashenzari
Cheibriados
Elyvilon
Fedhas
Gozag
Hepliaklqana
Makhleb
Qazlal
Trog
Uskayaw
Wu Jian
Xom
The Shining One
Jiyva

Shops:
D:5 *   Orc:2 !**!

Annotations:
D:4 Dowan, Duvessa
D:14 3 runed translucent doors, Cancer's ghost, journeyman GrEE
Lair:4 2 transporters, pigah's ghost, journeyman OpWn
Spider:2 1 runed translucent door, BigDaddyOpFi's ghost, adept HOFi
Spider:3 Mlioglotl


Innate Abilities, Weirdness & Mutations

You are immune to sickness and miasma.
You are immune to poison.
Your flesh is very heat resistant. (rF++)
You are vulnerable to cold. (rC-)
You float through the air rather than walking.
You learn spells naturally, not from books.
Your magical power is your life essence.
You have superior vitality. (+4 MHP)


Message History

The bolt of acid hits the spark wasp!!
The spark wasp is severely wounded.
The jumping spider's many legs skitter faintly.
You block the spark wasp's attack. You block the culicivora's attack.
An orb spider comes into view.
The spark wasp closely misses you. The culicivora closely misses you.
Casting: Petrify (safe; 1% risk of failure)
Confirm with . or Enter, or press ? or * to list all spells.
A chill wind blows around you.
The orb spider's many legs skitter faintly.
The spark wasp stings you. The spark wasp shocks you! The culicivora bites you.
A tarantella comes into view.
The spark wasp bursts into living lightning!
The living lightning hits you!
The spark wasp blinks!
The culicivora misses you. The torpor snail bites your ice beast.
Unknown command.
You closely miss the spark wasp.
The spark wasp is severely wounded.
The jumping spider leaps!
The spark wasp stings you! The spark wasp shocks you! The culicivora bites you!
The spark wasp stings you!!
* * * LOW HITPOINT WARNING * * *
The spark wasp shocks you!
* * * LOW HITPOINT WARNING * * *
You block the culicivora's attack. The torpor snail bites your ice beast!
The orb spider pulsates with a strange energy.
Blink to where?
Press: ? - help, Dir - move target, p - spark wasp
As you read the scroll of blinking, it crumbles to dust.
You feel yourself speed up.
The spark wasp bursts into living lightning!
The living lightning hits you.
* * * LOW HITPOINT WARNING * * *
The spark wasp blinks!
Aiming: Corrosive Bolt
Press: ? - help, Shift-Dir - straight line, f - spark wasp
Aim: a spark wasp (severely wounded, 64% to hit)
The bolt of acid misses the spark wasp.
The spark wasp stings you!
* * * LOW HITPOINT WARNING * * *
The spark wasp shocks you!
You die...

### * ###.## *
#....######...# ..# ,
####.^.#...^#...#,... ,
###.##........#...#.... ,
.^.<#.#...........#... * , ,
^...#^..#.....#^.... .. ,,
....#...#.#...##y.##.... , ,
...............#@..#..(. ..
*, ....#...#..#..(.......#
... *
....#...#.[#...##...^.#^..#
.##.....##.......^....#....
,
##...........#.#...>#......,
....#......†.......§s.....^
......†...#......^#.§s.s...
^ ,
...#..#.###^...#..(..°.^..#,
,
....###...#.........Y.....#.
...


You could see a spark wasp, a culicivora and a tarantella.

Vanquished Creatures
  An emperor scorpion (Spider:2)
  A dire elephant (Lair:5)
  Snorg (Orc:1)
  A fire dragon (Lair:5)
  An entropy weaver (Spider:3)
  Fannar (D:12)
  2 ice dragons (D:15)
  4 vault guards
  An ogre mage (D:15)
  5 hydras
  4 centaur warriors
  2 catoblepae (Lair:5)
  5 two-headed ogres
  8 boulder beetles
  2 tengu warriors
  An alligator (Lair:3)
  14 death yaks
  A deep elf knight (D:14)
  Sonja (Orc:1)
  4 orc high priests (Orc:2)
  A pharaoh ant (Spider:1)
  4 steelbarb worms
  2 glowing orange brains (D:14)
  A swamp dragon (Lair:5)
  A lindwurm (Lair:5)
  3 orb spiders
  2 wizards (D:15)
  A deep elf archer (D:13)
  Pikel (D:4)
  A deep elf pyromancer (D:11)
  6 orc knights
  12 ugly things
  8 orc sorcerers
  2 wolf spiders
  3 salamanders (Volcano)
  5 cyclopes
  17 elephants
  A moth of wrath (Spider:1)
  5 manticores
  A guardian serpent (shapeshifter) (D:14)
  3 molten gargoyles (Volcano)
  An eye of devastation (shapeshifter) (D:8)
  4 torpor snails
  7 black mambas
  8 cane toads
  A cane toad (shapeshifter) (D:13)
  6 gargoyles
  2 unseen horrors
  2 kobold demonologists (D:12)
  2 tengu conjurers
  2 efreet
  4 rime drakes (Lair:5)
  11 komodo dragons
  4 demonic crawlers
  12 trolls
  2 polar bears
  10 tarantellas
  A hornet (D:10)
  12 slime creatures
  2 blink frogs (shapeshifter)
  Prince Ribbit (D:5)
  18 blink frogs
  A centaur simulacrum (D:15)
  12 dream sheep
  9 culicivoras
  17 jumping spiders
  A shadow (D:8)
  2 vampires
  22 yaks
  A wraith (D:12)
  6 basilisks
  2 humans (Bailey)
  4 water elementals
  5 wyverns
  Grum (D:9)
  2 steam dragons (Lair:5)
  39 redbacks
  2 wargs
  8 vampire mosquitoes
  Menkaure (D:7)
  3 acid dragons
  16 water moccasins
  An ice beast (D:8)
  23 orc warriors
  A meliai simulacrum (D:13)
  A black bear (shapeshifter) (D:13)
  2 swamp drakes
  4 sky beasts
  7 centaurs
  11 ogres
  11 wolves
  4 lemures (D:4)
  4 kobold brigands
  13 bullfrogs
  3 scorpions
  13 wights
  A killer bee (D:8)
  12 electric eels
  A howler monkey (D:8)
  2 hounds
  A gnoll bouda (D:10)
  Crazy Yiuf (D:2)
  18 orc priests
  2 jellies
  3 iguanas (Lair:5)
  18 orc wizards
  Natasha (thrice) (D:2)
  10 gnolls
  6 adders
  A shadow imp (D:7)
  7 white imps
  2 ufetubi (D:6)
  2 worms
  4 dart slugs
  70 orcs
  3 bats
  3 endoplasms
  5 giant cockroaches
  8 goblins
  3 hobgoblins (D:1)
  A hobgoblin (shapeshifter) (D:14)
  10 jackals
  20 kobolds
  6 quokkas
  5 ball pythons
  3 frilled lizards
  2 rats
737 creatures vanquished.

Vanquished Creatures (collateral kills)
  A dire elephant (Lair:5)
  A radroach (Spider:3)
  2 vault guards
  2 death yaks (Lair:5)
  3 boulder beetles (Spider:2)
  A hell knight (Volcano)
  A pharaoh ant (Spider:2)
  3 orb spiders
  A steelbarb worm (Spider:1)
  2 wolf spiders
  A cyclops (D:13)
  A moth of wrath (Spider:2)
  A salamander (Volcano)
  2 molten gargoyles (Volcano)
  A cane toad (Lair:5)
  A gargoyle (D:14)
  A komodo dragon (Lair:5)
  A demonic crawler (Spider:3)
  A rime drake (Lair:5)
  An efreet (Volcano)
  5 tarantellas
  3 blink frogs (Lair:5)
  A polar bear (Lair:5)
  3 slime creatures
  7 jumping spiders
  4 culicivoras
  4 yaks
  11 redbacks
  3 orc warriors (Orc:2)
  An ice beast (D:8)
  An ogre (Orc:2)
  3 wolves (Lair:1)
  A kobold brigand (D:10)
  A bullfrog (Lair:3)
  2 orc wizards (Orc:2)
  7 white imps (D:11)
  6 orcs (Orc:2)
  A kobold (D:8)
92 creatures vanquished.

Vanquished Creatures (others)
  A cane toad (Lair:5)
  A rime drake (Lair:5)
  A tengu conjurer (D:15)
  A water elemental (D:13)
  A wight (D:9)
  10 ball lightnings
  23 fungi
  73 plants
111 creatures vanquished.

Grand Total: 940 creatures vanquished

Notes
Turn   | Place    | Note
-------+----------+-------------------------------------------
     0 | D:1      | Zonian the Djinni Ice Elementalist began the quest for the
                  | Orb.
     0 | D:1      | Zonian set off with the following spells memorised: Freeze,
                  | Frozen Ramparts, Ozocubu's Armour, Summon Ice Beast.
     0 | D:1      | Reached XP level 1. HP: 15/15 MP: 0/0
   392 | D:1      | Reached XP level 2. HP: 19/21 MP: 0/0
   661 | D:1      | Reached XP level 3. HP: 23/25 MP: 0/0
   661 | D:1      | Learned a level 1 spell: Beastly Appendage
  1167 | D:2      | Reached XP level 4. HP: 29/31 MP: 0/0
  1287 | D:2      | Noticed Natasha
  1624 | D:2      | Killed Natasha
  1625 | D:2      | Reached XP level 5. HP: 30/35 MP: 0/0
  1625 | D:2      | Learned a level 2 spell: Scorch
  1653 | D:2      | Noticed Natasha
  1662 | D:2      | Killed Natasha
  1708 | D:2      | Noticed Natasha
  1718 | D:2      | Killed Natasha
  1926 | D:2      | Found a runed translucent door.
  1927 | D:2      | Noticed Crazy Yiuf
  1933 | D:2      | Killed Crazy Yiuf
  1934 | D:2      | Reached XP level 6. HP: 34/40 MP: 0/0
  3171 | D:3      | Found a glowing golden altar of the Shining One.
  3172 | D:3      | Found a hide-covered altar of Uskayaw.
  3178 | D:3      | Found a blossoming altar of Fedhas.
  3180 | D:3      | Found a snail-covered altar of Cheibriados.
  3181 | D:3      | Found an ornate altar of the Wu Jian Council.
  3941 | D:4      | Reached XP level 7. HP: 39/45 MP: 0/0
  3941 | D:4      | Learned a level 3 spell: Summon Guardian Golem
  4255 | D:4      | Reached skill level 9 in Fighting
  4255 | D:4      | Reached XP level 8. HP: 67/67 MP: 0/0
  4342 | D:4      | Noticed Pikel
  4355 | D:4      | Killed Pikel
  4642 | D:4      | Noticed Duvessa
  4642 | D:4      | Noticed Dowan
  4696 | D:5      | Entered Level 5 of the Dungeon
  4883 | D:5      | Noticed Prince Ribbit
  4893 | D:5      | Killed Prince Ribbit
  4894 | D:5      | Reached XP level 9. HP: 63/72 MP: 0/0
  4894 | D:5      | Learned a level 4 spell: Petrify
  5222 | D:5      | Found Idumel's Overcharged Wands.
  5356 | D:5      | Identified the +9 long sword "Ykaetuc" {vorpal, rCorr}
  7225 | D:6      | Reached skill level 5 in Short Blades
  7571 | D:7      | Found a flagged portal.
  7575 | D:7      | Noticed Menkaure
  7584 | D:7      | Killed Menkaure
  7585 | D:7      | Reached XP level 10. HP: 26/78 MP: 0/0
  7592 | Bailey   | Entered a bailey
  8692 | Bailey   | Noticed a vault guard
  8714 | Bailey   | Killed a vault guard
  8963 | Bailey   | Noticed a vault guard
  8986 | Bailey   | HP: 3/78 [vault guard/+0 broad axe (16)]
  8997 | Bailey   | Killed a vault guard
  9779 | D:7      | Found a staircase to the Ecumenical Temple.
  9801 | Temple   | Entered the Ecumenical Temple
  9846 | Temple   | Became a worshipper of Ashenzari the Shackled
 10052 | D:8      | Reached skill level 10 in Fighting
 10052 | D:8      | Reached XP level 11. HP: 15/85 MP: 0/0
 10052 | D:8      | Learned a level 4 spell: Summon Lightning Spire
 10475 | D:8      | Noticed an entropy weaver
 10919 | D:8      | Noticed a cyclops
 10941 | D:8      | Killed a cyclops
 11407 | D:8      | Reached skill level 11 in Fighting
 11675 | D:8      | Identified the +7 dagger of the Unkillable {antimagic,
                  | Fragile Fly Dex+7 SInv}
 13434 | D:9      | Reached skill level 12 in Fighting
 14003 | D:9      | Noticed Grum
 14016 | D:9      | Killed Grum
 14132 | D:10     | Entered Level 10 of the Dungeon
 15107 | D:10     | Found a staircase to the Lair.
 15133 | D:10     | Reached skill level 13 in Fighting
 15133 | D:10     | Reached XP level 12. HP: 59/98 MP: 0/0
 15921 | Lair:1   | Entered Level 1 of the Lair of Beasts
 16795 | Lair:1   | Reached * piety under Ashenzari
 17143 | Lair:1   | Reached skill level 14 in Fighting
 18633 | Lair:2   | Reached skill level 1 in Shields
 18762 | Lair:2   | Found a dark tunnel.
 18769 | Volcano  | Entered a volcano
 18988 | Volcano  | Reached XP level 13. HP: 42/109 MP: 0/0
 18988 | Volcano  | Learned a level 5 spell: Borgnjor's Vile Clutch
 19484 | Volcano  | Reached skill level 15 in Fighting
 20233 | Volcano  | Noticed an orb of fire
 20249 | Volcano  | Noticed an orb of fire
 20586 | Lair:2   | Found a hole to the Spider Nest.
 20730 | Lair:2   | Reached skill level 1 in Long Blades
 20736 | Lair:2   | Identified a scroll of acquirement
 20744 | Lair:2   | Acquired a +2 hat of willpower
 21250 | Lair:3   | Reached skill level 5 in Shields
 22307 | Lair:3   | Noticed a four-headed hydra
 22312 | Lair:3   | Noticed a five-headed hydra
 22317 | Lair:3   | Killed a two-headed hydra
 22459 | Lair:3   | Found a staircase to the Shoals.
 22740 | Lair:3   | Reached skill level 10 in Spellcasting
 22740 | Lair:3   | Reached XP level 14. HP: 71/117 MP: 0/0
 22892 | Lair:3   | Identified the cursed +1 helmet of Ashenzari's Moon {Self,
                  | Cun} (You found it on level 1 of the Dungeon)
 23881 | Lair:4   | Reached ** piety under Ashenzari
 24136 | Lair:4   | Found a transporter.
 24136 | Lair:4   | Noticed pigah's ghost (journeyman OpWn)
 24142 | Lair:4   | Found a transporter.
 24279 | Lair:3   | Reached skill level 5 in Long Blades
 24930 | Lair:4   | Reached *** piety under Ashenzari
 25879 | Lair:4   | Found a viscous altar of Jiyva.
 25879 | Lair:4   | Found a staircase to the Slime Pits.
 26309 | Lair:5   | Entered Level 5 of the Lair of Beasts
 29005 | Lair:5   | Noticed a dire elephant
 29046 | Lair:5   | Killed a dire elephant
 29047 | Lair:5   | Reached skill level 10 in Long Blades
 29047 | Lair:5   | Reached XP level 15. HP: 55/128 MP: 0/0
 29047 | Lair:5   | Learned a level 6 spell: Conjure Ball Lightning
 30937 | D:11     | Found a frozen archway.
 31356 | D:11     | Found a staircase to the Orcish Mines.
 32185 | D:12     | Noticed Fannar
 32188 | D:12     | Upgraded the game from 0.30-a0-341-g682706514a to
                  | 0.30-a0-347-gf58ed5266c
 32201 | D:12     | Killed Fannar
 33208 | D:13     | Reached skill level 1 in Evocations
 34233 | D:13     | Identified the +1 scale mail "Veunny Coug" {MP+9 Int+5}
 34445 | D:13     | Reached XP level 16. HP: 134/134 MP: 0/0
 34497 | D:13     | Reached skill level 5 in Evocations
 35018 | D:14     | Found a runed translucent gate.
 35021 | D:14     | Found a runed translucent gate.
 35022 | D:14     | Found a runed translucent gate.
 35364 | D:14     | Found a gate to the Vaults.
 36626 | D:14     | Found a runed translucent gate.
 36626 | D:14     | Found a runed translucent gate.
 36631 | D:14     | Found a runed translucent gate.
 36631 | D:14     | Noticed Cancer's ghost (journeyman GrEE)
 36685 | D:15     | Entered Level 15 of the Dungeon
 37370 | D:15     | Reached skill level 16 in Fighting
 38364 | D:15     | Found a staircase to the Depths.
 39813 | Orc:1    | Entered Level 1 of the Orcish Mines
 40077 | Orc:1    | Noticed Sonja
 40080 | Orc:1    | Killed Sonja
 40577 | Orc:2    | Entered Level 2 of the Orcish Mines
 40616 | Orc:2    | Found a staircase to the Elven Halls.
 41524 | Orc:2    | Found Canulelu's Distillery.
 41526 | Orc:2    | Reached XP level 17. HP: 141/141 MP: 0/0
 41526 | Orc:2    | Learned a level 7 spell: Spellforged Servitor
 41565 | Orc:2    | Paralysed by an orc sorcerer for 4 turns
 41864 | Orc:2    | Paralysed by an orc sorcerer for 3 turns
 42284 | Orc:2    | Found Ireygri's General Store.
 42286 | Orc:2    | Found Virch's Distillery.
 42293 | Orc:2    | Bought 2 potions of heal wounds for 150 gold pieces
 42293 | Orc:2    | Bought a potion of might for 60 gold pieces
 42293 | Orc:2    | Bought a potion of curing for 45 gold pieces
 42294 | Orc:2    | Found Comunlu's Assorted Antiques.
 42301 | Orc:2    | Bought a scroll of fog for 124 gold pieces
 42304 | Orc:2    | Bought 2 potions of heal wounds for 140 gold pieces
 42304 | Orc:2    | Bought a potion of curing for 42 gold pieces
 42441 | Orc:1    | Noticed Snorg
 42452 | Orc:1    | Killed Snorg
 42894 | Spider:1 | Entered Level 1 of the Spider Nest
 43539 | Spider:1 | Reached skill level 17 in Fighting
 44367 | Spider:1 | Reached skill level 1 in Throwing
 46104 | Spider:2 | Found a runed translucent door.
 46105 | Spider:2 | Noticed BigDaddyOpFi's ghost (adept HOFi)
 46105 | Spider:2 | Identified the +1 pair of boots "Wowneama" {rPois MP+9
                  | Str+4}
 47341 | Spider:3 | Noticed Mlioglotl
 48216 | Spider:3 | Reached XP level 18. HP: 141/151 MP: 0/0
 48269 | Spider:3 | Slain by a spark wasp

Illustrated notes

Levels and vault maps discovered:
D:1:      onia_arrival_pyramid, layout_rooms
D:2:      layout_basic, fountainhead, uniq_natasha, uniq_crazy_yiuf_cottage
D:3:      layout_rooms, minitemple, chequers_avenue, hangedman_decor_growths
D:4:      layout_loops_ring, minivault_14, minmay_misc_feat_iff, uniq_pikel,
          uniq_duvessa
D:5:      layout_gridville, minmay_misc_feat_hallway, roderic_serpentine_path,
          nicolae_shop_overcharged_wands, uniq_prince_ribbit1
D:6:      layout_basic
D:7:      layout_basic, temple_green, enter_bailey_2, uniq_menkaure
D:8:      layout_basic, minmay_pinched_square
D:9:      layout_rooms, uniq_grum
D:10:     layout_stronghold, david_lair_shrubbed, dreamdust_gnoll_shepherd
D:11:     layout_cave_pods, erik_orc_1, portal_ice_cave_entry_imps
D:12:     layout_rooms, uniq_fannar
D:13:     four-leaf_vault, layout_basic, serial_glass, glass_columns_a,
          glass_columns_b, due_unseen_surprise, feat_on_display,
          nicolae_elevator_lobby_plus
D:14:     layout_loops_cross, grunt_vaults_entry_fortified,
          ploomutoo_gammafunk_ghost_potion_laboratory, chequers_big_river
D:15:     grunt_enter_depths_hoard, layout_stronghold, patterned_corridor,
          uniq_rupert
Temple:   bh_familiar_temple
Lair:1:   layout_gridlike
Lair:2:   layout_loops_ring, spider_nest_entry_a, nicolae_volcano_entry_s_turn,
          small_statue_intersection
Lair:3:   nzn_winding_woodlands_large [nzn_winding_woodlands_5x5_perimeter,
          nzn_winding_woodlands_5x15_garden,
          nzn_winding_woodlands_5x5_closed_star,
          nzn_winding_woodlands_center_pierced_h,
          nzn_winding_woodlands_15x15_eel_pit,
          nzn_winding_woodlands_center_diamonds,
          nzn_winding_woodlands_5x5_checkerboard,
          nzn_winding_woodlands_5x15_river_crossing,
          nzn_winding_woodlands_5x5_cross], layout_cave_pods,
          minmay_shoals_entry_centaurs
Lair:4:   layout_cave_pods, dpeg_slime_entry_corner, serial_rivers,
          chequers_serial_rivers_micro_a, chequers_serial_rivers_micro_e,
          chequers_serial_rivers_room_a, chequers_serial_rivers_small_a,
          chequers_serial_rivers_large_a, chequers_serial_rivers_room_b,
          gammafunk_ghost_arena
Lair:5:   hangedman_lair_in_review, layout_gridlike, guppyfry_lair_end_dragon
Spider:1: layout_spider_delve
Spider:2: layout_spider_delve, ebering_ghost_inner_flame,
          einodemon_crawler_minivault
Spider:3: layout_spider_delve, uniq_mlioglotl
Orc:1:    layout_diamond_mine, uniq_sonja, uniq_snorg
Orc:2:    st_orc_elflike, layout_caves, special_room, kennysheep_orc_chapel

Skill      XL: |  1  2  3  4  5  6  7  8  9 10 11 12 13 14 15 16 17 |
---------------+----------------------------------------------------+-----
Stealth        | 2 3 |  3.8
Dodging        | 3 4 |  4.7
Spellcasting   | 4 8 9 10 12 | 12.0
Fighting       | 9 10 13 14 15 16 17 | 17.8
Short Blades   | 3 6 8 |  8.0
Shields        | 2 6 |  6.0
Long Blades    | 3 10 13 | 13.1
Evocations     | 4 9 |  9.5
Throwing       | 3 |  3.9

Action                   |  1- 3 |  4- 6 |  7- 9 | 10-12 | 13-15 | 16-18 || total
-------------------------+-------+-------+-------+-------+-------+-------++-------
Melee: Dagger            |    11 |    42 |    68 |   312 |   270 |       ||   703
       Unarmed           |     1 |       |       |       |       |       ||     1
       Flail             |       |     9 |       |       |       |       ||     9
       Headbutt          |       |       |     2 |       |     5 |    16 ||    23
       Short sword       |       |       |       |   106 |    38 |       ||   144
       Scimitar          |       |       |       |       |   657 |   794 ||  1451
       Long sword        |       |       |       |       |       |    90 ||    90
Throw: Dart              |       |       |     2 |     4 |     4 |       ||    10
       Boomerang         |       |       |       |     3 |     6 |       ||     9
 Cast: Freeze            |    46 |    20 |    15 |    13 |       |       ||    94
       Scorch            |       |    39 |    50 |   187 |    27 |    48 ||   351
       Frozen Ramparts   |       |     3 |     4 |    22 |    31 |    16 ||    76
       Beastly Appendage |       |     2 |     2 |       |     2 |     4 ||    10
       Summon Ice Beast  |       |       |     2 |     3 |     4 |    21 ||    30
       Ozocubu's Armour  |       |       |     1 |    12 |    22 |    12 ||    47
       Summon Guardian G |       |       |       |     5 |     5 |     3 ||    13
       Summon Lightning  |       |       |       |     9 |    20 |    34 ||    63
       Petrify           |       |       |       |    13 |    51 |    16 ||    80
       Borgnjor's Vile C |       |       |       |       |    50 |    52 ||   102
       Conjure Ball Ligh |       |       |       |       |     2 |     2 ||     4
Invok: Curse Item        |       |       |       |     2 |     3 |       ||     5
       Shatter the Chain |       |       |       |       |       |     1 ||     1
Evoke: Wand              |       |       |     1 |     1 |    10 |     6 ||    18
       Condenser vane    |       |       |       |       |     2 |     1 ||     3
  Use: Scroll            |       |     9 |     5 |    19 |    12 |     5 ||    50
       Potion            |       |       |     3 |     7 |     4 |     9 ||    23
 Stab: Sleeping          |     1 |     3 |     3 |     3 |     5 |     5 ||    20
       Petrified         |       |       |       |    13 |    54 |     9 ||    76
       Petrifying        |       |       |       |     3 |    18 |     5 ||    26
       Distracted        |       |       |       |       |     6 |     6 ||    12
       Invisible         |       |       |       |       |     1 |       ||     1
Armor: Robe              |    15 |    20 |    28 |    60 |       |       ||   123
       Troll leather arm |       |       |       |   138 |   250 |   278 ||   666
Dodge: Dodged            |    25 |    49 |    64 |   309 |   391 |   395 ||  1233
Block: Buckler           |       |       |       |    60 |   440 |   500 ||  1000
       Reflection        |       |       |       |       |    15 |    10 ||    25

Table legend: (Time is in decaauts)
 A = Elapsed time spent in this place.
 B = Non-inter-level travel time spent in this place.
 C = Inter-level travel time spent in this place.
 D = Time resting spent in this place.
 E = Time spent auto-exploring this place.
 F = Levels seen in this place.
 G = Mean time per level.
                   A        B        C        D        E       F      G
               +--------+--------+--------+--------+--------+-----+--------+
         Total |  47716 |  45880 |   1836 |  22880 |  13432 |  28 | 1704.1 |
       Dungeon |  23385 |  22287 |   1098 |   9347 |   8843 |  15 | 1559.0 |
        Temple |     73 |     45 |     28 |      0 |     36 |   1 |   73.0 |
          Lair |  12996 |  12538 |    458 |   6616 |   2721 |   5 | 2599.2 |
   Spider Nest |   4894 |   4825 |     69 |   2961 |    808 |   3 | 1631.3 |
  Orcish Mines |   2846 |   2665 |    181 |    955 |   1024 |   2 | 1423.0 |
        Bailey |   1836 |   1836 |      0 |   1593 |      0 |   1 | 1836.0 |
       Volcano |   1683 |   1683 |      0 |   1408 |      0 |   1 | 1683.0 |
               +--------+--------+--------+--------+--------+-----+--------+

Top non-repeatable levels by time:
  Lair:5: 3837 daAuts
  Lair:3: 3138 daAuts
Spider:2: 2718 daAuts
    D:15: 2683 daAuts
     D:8: 2513 daAuts
  Lair:4: 2485 daAuts
    D:10: 2430 daAuts
  Lair:1: 2067 daAuts
    D:14: 1944 daAuts
Spider:1: 1943 daAuts
   Orc:2: 1941 daAuts
  Bailey: 1836 daAuts
 Volcano: 1683 daAuts
    D:13: 1538 daAuts
     D:3: 1495 daAuts
